General information
- name: BNet
- type: Ladder team game (AT/RT)
- host: Battle.net
- saver: Chopstix
map: Friends
- players: 8
- length: 59:37
- speed: Fast
- version: 1.21 W3XP
- replay type: Public
» download(452 KB)
Players
team 1 (loser)
bboyx (
yellow | 74 APM | 4406 actions | 59:36)
8 Tauren Chieftain
3 Shockwave
3 Endurance Aura
1 Reincarnation
1 War Stomp
» actions
| Assign group hotkey | 297 | |
| Basic commands | 414 | |
| Build / train | 67 | |
| ESC pressed | 4 | |
| Enter build submenu | 19 | |
| Enter hero's abilities submenu | 9 | |
| Right click | 2248 | |
| Select / deselect | 548 | |
| Select group hotkey | 678 | |
| Use ability | 122 | |
4406 total
» units
| Peon | 12 | |
| Grunt | 6 | |
| Forest Troll Shadow Priest | 1 | |
| Wind Rider | 1 | |
| Shaman | 8 | |
| Tauren | 16 | |
44 total
» upgrades
| Shaman Training | 2 | |
| Armor | 2 | |
| Pulverize | 1 | |
| Melee Weapons | 2 | |
7 total
» buildings
| Altar of Storms | 1 | |
| Orc Burrow | 7 | |
| Barracks | 2 | |
| War Mill | 1 | |
| Stronghold | 1 | |
| Fortress | 1 | |
| Spirit Lodge | 1 | |
| Beastiary | 1 | |
| Voodoo Lounge | 1 | |
| Tauren Totem | 2 | |
| Great Hall | 1 | |
19 total
» build order
00:05 Altar of Storms
00:19 Orc Burrow
00:39 Barracks
01:45 Barracks
01:56 Orc Burrow
02:13 War Mill
02:37 Orc Burrow
04:42 Stronghold
06:59 Orc Burrow
07:10 Fortress
07:14 Spirit Lodge
07:18 Beastiary
08:38 Voodoo Lounge
09:06 Orc Burrow
09:32 Orc Burrow
09:39 Tauren Totem
09:43 Tauren Totem
11:15 Orc Burrow
18:50 Great Hall
» items
| Orb of Lightning | 1 | |
| Healing Salve | 1 | |
| Lesser Clarity Potion | 1 | |
| Potion of Healing | 1 | |
| Rod of Necromancy | 1 | |
5 total
K.pLz.Ty(sE) (
pink | 84 APM | 4806 actions | 57:19)
9 Death Knight
3 Death Coil
3 Unholy Aura
1 Animate Dead
2 Death Pact
» actions
| Assign group hotkey | 32 | |
| Basic commands | 21 | |
| Build / train | 103 | |
| ESC pressed | 9 | |
| Enter build submenu | 37 | |
| Enter hero's abilities submenu | 9 | |
| Give item / drop item | 1 | |
| Remove unit from queue | 4 | |
| Right click | 2772 | |
| Select / deselect | 593 | |
| Select group hotkey | 967 | |
| Use ability | 258 | |
4806 total
» units
| Acolyte | 9 | |
| Ghoul | 7 | |
| Crypt Fiend | 15 | |
| Obsidian Statue | 3 | |
| Frost Wyrm | 3 | |
| Meatwagon | 18 | |
55 total
» upgrades
| Web | 1 | |
| Burrow | 1 | |
| Creature Attack | 3 | |
| Freezing Breath | 1 | |
| Creature Carapace | 1 | |
7 total
» buildings
| Crypt | 2 | |
| Graveyard | 5 | |
| Altar of Darkness | 2 | |
| Ziggurat | 14 | |
| Tomb of Relics | 2 | |
| Nerubian Tower | 2 | |
| Spirit Tower | 3 | |
| Halls of the Dead | 3 | |
| Black Citadel | 1 | |
| Sacrificial Pit | 3 | |
| Boneyard | 3 | |
| Slaughterhouse | 3 | |
| Necropolis | 2 | |
45 total
» build order
00:20 Crypt
00:29 Graveyard
00:49 Altar of Darkness
01:01 Ziggurat
01:15 Ziggurat
02:02 Tomb of Relics
02:07 Nerubian Tower
03:49 Spirit Tower
03:56 Halls of the Dead
05:00 Ziggurat
08:55 Ziggurat
09:49 Spirit Tower
10:46 Black Citadel
12:32 Sacrificial Pit
12:35 Sacrificial Pit
14:04 Boneyard
14:05 Boneyard
18:51 Slaughterhouse
18:53 Boneyard
24:09 Ziggurat
24:10 Ziggurat
24:12 Ziggurat
26:22 Necropolis
29:42 Halls of the Dead
29:46 Graveyard
34:06 Necropolis
36:14 Halls of the Dead
36:16 Ziggurat
36:17 Ziggurat
36:19 Ziggurat
38:00 Spirit Tower
38:01 Nerubian Tower
38:42 Slaughterhouse
38:47 Slaughterhouse
43:56 Ziggurat
43:58 Ziggurat
43:59 Ziggurat
44:41 Tomb of Relics
45:01 Crypt
45:10 Graveyard
49:42 Ziggurat
53:26 Sacrificial Pit
53:27 Graveyard
54:19 Graveyard
56:07 Altar of Darkness
» items
| Dust of Appearance | 5 | |
| Rod of Necromancy | 1 | |
| Potion of Healing | 2 | |
| Potion of Mana | 3 | |
| Scroll of Speed | 1 | |
| Lesser Clarity Potion | 2 | |
| Scroll of Town Portal | 2 | |
| Sacrificial Skull | 2 | |
18 total
Pro.RoC.NooB.Ft (
blue | 86 APM | 4751 actions | 54:56)
10 Death Knight
3 Death Coil
3 Unholy Aura
1 Animate Dead
3 Death Pact
» actions
| Assign group hotkey | 200 | |
| Basic commands | 119 | |
| Build / train | 79 | |
| Enter build submenu | 39 | |
| Enter hero's abilities submenu | 10 | |
| Remove unit from queue | 3 | |
| Right click | 2109 | |
| Select / deselect | 548 | |
| Select group hotkey | 1445 | |
| Use ability | 199 | |
4751 total
» units
| Acolyte | 10 | |
| Ghoul | 11 | |
| Crypt Fiend | 15 | |
| Frost Wyrm | 1 | |
| Meatwagon | 2 | |
39 total
» upgrades
| Web | 1 | |
| Burrow | 1 | |
| Creature Attack | 3 | |
| Freezing Breath | 1 | |
| Creature Carapace | 3 | |
9 total
» buildings
| Crypt | 3 | |
| Graveyard | 2 | |
| Ziggurat | 13 | |
| Altar of Darkness | 2 | |
| Spirit Tower | 3 | |
| Nerubian Tower | 4 | |
| Halls of the Dead | 2 | |
| Black Citadel | 1 | |
| Sacrificial Pit | 1 | |
| Boneyard | 4 | |
| Tomb of Relics | 2 | |
| Slaughterhouse | 3 | |
| Necropolis | 3 | |
43 total
» build order
00:03 Crypt
00:13 Graveyard
00:40 Ziggurat
00:57 Altar of Darkness
01:49 Ziggurat
03:03 Ziggurat
03:31 Spirit Tower
03:56 Nerubian Tower
05:54 Halls of the Dead
06:46 Spirit Tower
06:47 Ziggurat
07:47 Nerubian Tower
07:54 Crypt
10:26 Black Citadel
10:46 Sacrificial Pit
12:55 Boneyard
13:04 Boneyard
13:07 Boneyard
13:12 Boneyard
13:19 Ziggurat
13:26 Ziggurat
13:33 Ziggurat
13:34 Ziggurat
20:51 Spirit Tower
26:10 Tomb of Relics
36:32 Slaughterhouse
36:36 Slaughterhouse
38:07 Necropolis
40:50 Necropolis
41:19 Necropolis
42:59 Altar of Darkness
43:03 Ziggurat
43:26 Halls of the Dead
43:30 Ziggurat
43:55 Tomb of Relics
43:58 Nerubian Tower
44:28 Nerubian Tower
45:55 Ziggurat
45:56 Ziggurat
45:58 Crypt
52:13 Graveyard
53:35 Slaughterhouse
53:37 Ziggurat
» items
| Scroll of Town Portal | 3 | |
| Potion of Mana | 1 | |
4 total
vGe.Habachi (
teal | 31 APM | 1746 actions | 57:06)
5 Paladin
2 Holy Light
2 Devotion Aura
1 Divine Shield
2 Mountain King
1 Storm Bolt
1 Bash
» actions
| Assign group hotkey | 19 | |
| Basic commands | 13 | |
| Build / train | 77 | |
| Enter build submenu | 18 | |
| Enter hero's abilities submenu | 8 | |
| Remove unit from queue | 1 | |
| Right click | 807 | |
| Select / deselect | 668 | |
| Select group hotkey | 68 | |
| Use ability | 67 | |
1746 total
» units
| Peasant | 13 | |
| Footman | 9 | |
| Priest | 2 | |
| Siege Engine | 3 | |
| Sorceress | 2 | |
| Mortar Team | 15 | |
| Spell Breaker | 1 | |
| Flying Machine | 7 | |
52 total
» upgrades
| Lumber Harvesting | 2 | |
| Masonry | 1 | |
| Gunpowder | 1 | |
| Barrage | 1 | |
| Flare | 1 | |
| Fragmentation Shards | 1 | |
| Flying Machine Bombs | 1 | |
8 total
» buildings
| Altar of Kings | 1 | |
| Farm | 11 | |
| Barracks | 2 | |
| Lumber Mill | 1 | |
| Arcane Vault | 1 | |
| Keep | 1 | |
| Castle | 1 | |
| Scout Tower | 2 | |
| Arcane Sanctum | 1 | |
| Blacksmith | 1 | |
| Guard Tower | 1 | |
| Arcane Tower | 1 | |
| Workshop | 3 | |
27 total
» build order
00:08 Altar of Kings
00:19 Farm
00:49 Barracks
00:55 Barracks
01:11 Farm
01:44 Lumber Mill
02:02 Farm
02:15 Arcane Vault
03:57 Keep
04:04 Farm
07:33 Castle
07:37 Scout Tower
07:37 Scout Tower
07:42 Arcane Sanctum
07:47 Blacksmith
08:13 Guard Tower
08:19 Farm
08:20 Farm
08:23 Arcane Tower
09:10 Workshop
10:14 Workshop
11:14 Farm
11:16 Farm
11:18 Farm
11:19 Farm
11:19 Farm
20:18 Workshop
» items
| Mechanical Critter | 1 | |
| Scroll of Regeneration | 1 | |
| Lesser Clarity Potion | 1 | |
3 total
team 2 (winner)
Chopstix (
red | 65 APM | 3892 actions | 59:37)
7 Goblin Alchemist
3 Acid Bomb
3 Chemical Rage
1 Transmute
1 Blademaster
1 Wind Walk
1 Mountain King
1 Storm Bolt
» actions
| Assign group hotkey | 13 | |
| Basic commands | 113 | |
| Build / train | 240 | |
| ESC pressed | 3 | |
| Enter build submenu | 120 | |
| Enter hero's abilities submenu | 9 | |
| Remove unit from queue | 5 | |
| Right click | 1752 | |
| Select / deselect | 560 | |
| Select group hotkey | 607 | |
| Use ability | 468 | |
3892 total
» units
| Peasant | 58 | |
| Sorceress | 2 | |
| Mortar Team | 2 | |
62 total
» upgrades
| Lumber Harvesting | 2 | |
| Masonry | 3 | |
| Magic Sentry | 1 | |
| Gunpowder | 2 | |
| Sorceress Training | 1 | |
9 total
» buildings
| Altar of Kings | 3 | |
| Farm | 13 | |
| Lumber Mill | 6 | |
| Scout Tower | 79 | |
| Arcane Tower | 12 | |
| Guard Tower | 57 | |
| Arcane Vault | 5 | |
| Keep | 2 | |
| Blacksmith | 2 | |
| Arcane Sanctum | 7 | |
| Town Hall | 4 | |
| Workshop | 2 | |
| Castle | 4 | |
| Cannon Tower | 3 | |
199 total
» build order
00:09 Altar of Kings
00:11 Farm
00:42 Lumber Mill
00:50 Scout Tower
01:20 Arcane Tower
01:50 Farm
02:01 Scout Tower
02:27 Scout Tower
02:35 Scout Tower
02:39 Arcane Tower
02:42 Scout Tower
02:57 Guard Tower
02:58 Scout Tower
03:21 Guard Tower
03:33 Scout Tower
03:35 Scout Tower
03:36 Guard Tower
03:39 Guard Tower
03:41 Scout Tower
03:57 Farm
04:01 Scout Tower
04:02 Scout Tower
04:03 Guard Tower
04:14 Guard Tower
04:15 Guard Tower
04:18 Scout Tower
04:19 Guard Tower
04:28 Scout Tower
04:46 Scout Tower
04:48 Arcane Vault
04:50 Guard Tower
04:56 Scout Tower
05:21 Guard Tower
05:22 Scout Tower
05:27 Guard Tower
05:28 Scout Tower
05:37 Guard Tower
05:39 Scout Tower
05:52 Guard Tower
06:32 Keep
06:37 Scout Tower
07:04 Guard Tower
07:05 Scout Tower
07:23 Scout Tower
07:26 Guard Tower
07:34 Scout Tower
07:37 Scout Tower
07:40 Guard Tower
08:10 Guard Tower
08:55 Scout Tower
09:25 Scout Tower
09:29 Lumber Mill
09:34 Scout Tower
09:39 Guard Tower
10:32 Blacksmith
10:34 Arcane Sanctum
10:44 Town Hall
11:17 Arcane Tower
12:05 Scout Tower
12:56 Guard Tower
13:16 Workshop
13:45 Workshop
14:16 Castle
14:16 Castle
14:16 Castle
14:33 Farm
14:41 Guard Tower
15:38 Scout Tower
15:42 Farm
16:40 Scout Tower
16:44 Scout Tower
16:58 Cannon Tower
17:00 Cannon Tower
17:01 Cannon Tower
17:10 Guard Tower
17:11 Scout Tower
17:18 Scout Tower
17:19 Guard Tower
17:40 Guard Tower
18:02 Scout Tower
18:02 Scout Tower
18:03 Scout Tower
18:05 Scout Tower
18:06 Guard Tower
18:08 Guard Tower
18:40 Guard Tower
18:45 Guard Tower
18:46 Scout Tower
18:47 Scout Tower
19:01 Scout Tower
19:16 Guard Tower
19:16 Guard Tower
19:33 Guard Tower
19:35 Scout Tower
20:07 Guard Tower
20:12 Lumber Mill
20:14 Blacksmith
20:51 Guard Tower
20:55 Scout Tower
20:58 Scout Tower
21:01 Arcane Vault
21:43 Guard Tower
21:45 Scout Tower
22:28 Farm
22:32 Scout Tower
22:33 Farm
22:48 Guard Tower
23:00 Guard Tower
23:26 Lumber Mill
24:01 Arcane Sanctum
24:05 Guard Tower
24:24 Scout Tower
24:39 Guard Tower
24:40 Guard Tower
24:54 Guard Tower
25:01 Scout Tower
25:03 Scout Tower
25:18 Scout Tower
25:26 Scout Tower
25:27 Scout Tower
25:27 Scout Tower
25:34 Guard Tower
25:35 Guard Tower
25:43 Scout Tower
26:24 Guard Tower
26:34 Guard Tower
26:52 Guard Tower
26:54 Scout Tower
27:02 Arcane Vault
28:26 Altar of Kings
32:38 Farm
35:05 Farm
35:14 Farm
36:39 Town Hall
46:11 Farm
47:01 Lumber Mill
48:38 Scout Tower
48:39 Scout Tower
48:40 Scout Tower
49:15 Arcane Tower
49:24 Lumber Mill
49:57 Arcane Tower
50:04 Guard Tower
51:07 Scout Tower
51:09 Scout Tower
51:10 Scout Tower
51:10 Scout Tower
51:47 Farm
51:50 Scout Tower
51:50 Scout Tower
52:00 Town Hall
52:17 Arcane Tower
52:21 Scout Tower
52:55 Arcane Tower
52:57 Scout Tower
52:57 Scout Tower
52:59 Scout Tower
52:59 Scout Tower
53:00 Scout Tower
53:19 Arcane Tower
53:22 Farm
54:02 Keep
54:04 Guard Tower
54:04 Guard Tower
54:17 Arcane Vault
54:28 Scout Tower
54:29 Scout Tower
54:30 Scout Tower
54:31 Scout Tower
54:31 Scout Tower
54:33 Guard Tower
54:47 Arcane Tower
55:39 Guard Tower
55:39 Guard Tower
56:18 Arcane Vault
56:32 Guard Tower
56:34 Scout Tower
56:34 Scout Tower
56:34 Scout Tower
57:05 Guard Tower
57:32 Scout Tower
57:33 Scout Tower
57:33 Scout Tower
57:37 Arcane Sanctum
57:38 Arcane Sanctum
57:54 Town Hall
58:07 Arcane Tower
58:55 Arcane Sanctum
58:56 Arcane Sanctum
58:57 Arcane Sanctum
59:35 Altar of Kings
» items
| Lesser Clarity Potion | 19 | |
| Scroll of Regeneration | 1 | |
| Potion of Healing | 4 | |
| Ivory Tower | 19 | |
| Amulet of the Wild | 2 | |
| Ice Shard | 2 | |
| Scroll of Town Portal | 8 | |
| Healing Salve | 5 | |
| Potion of Mana | 5 | |
| Tiny Great Hall | 3 | |
| Orb of Fire | 1 | |
| Book of the Dead | 1 | |
| Ankh of Reincarnation | 1 | |
| Demonic Figurine | 1 | |
72 total
nemofulcrum (
orange | 18 APM | 1052 actions | 59:36)
» actions
| Assign group hotkey | 7 | |
| Basic commands | 2 | |
| Build / train | 59 | |
| ESC pressed | 7 | |
| Enter build submenu | 142 | |
| Enter hero's abilities submenu | 2 | |
| Remove unit from queue | 8 | |
| Right click | 289 | |
| Select / deselect | 382 | |
| Select group hotkey | 31 | |
| Use ability | 123 | |
1052 total
» units
| Peon | 34 | |
| Grunt | 12 | |
| Troll Headhunter/Berserker | -3 | |
43 total
» upgrades
| Armor | 1 | |
| Ranged Weapons | 1 | |
| Berserker Strength | 1 | |
3 total
» buildings
| Orc Burrow | 8 | |
| Altar of Storms | 2 | |
| War Mill | 4 | |
| Watch Tower | 82 | |
| Voodoo Lounge | 2 | |
| Barracks | 5 | |
| Great Hall | 4 | |
| Stronghold | 1 | |
108 total
» build order
00:12 Orc Burrow
00:49 Orc Burrow
00:59 Altar of Storms
01:16 War Mill
02:14 Orc Burrow
02:52 Watch Tower
03:24 Watch Tower
03:57 Watch Tower
04:19 Watch Tower
05:44 Watch Tower
05:57 Watch Tower
06:02 Watch Tower
06:16 Watch Tower
06:22 Watch Tower
06:40 Watch Tower
07:18 Watch Tower
07:28 Watch Tower
07:38 Watch Tower
07:48 Watch Tower
07:56 Watch Tower
08:44 Watch Tower
08:48 Watch Tower
08:50 Watch Tower
09:34 Watch Tower
09:43 Watch Tower
11:04 Watch Tower
11:07 Watch Tower
11:12 Watch Tower
11:18 Watch Tower
11:22 Watch Tower
11:30 Voodoo Lounge
11:37 Barracks
11:44 Barracks
12:53 Watch Tower
13:00 Watch Tower
14:06 Watch Tower
14:11 Watch Tower
14:18 Watch Tower
14:35 Watch Tower
15:15 Watch Tower
15:50 Watch Tower
15:53 Watch Tower
16:34 Watch Tower
16:36 Watch Tower
16:38 Watch Tower
17:14 Watch Tower
17:16 Watch Tower
17:17 Watch Tower
17:24 Watch Tower
17:27 Watch Tower
20:08 Great Hall
21:08 Great Hall
27:48 War Mill
28:05 War Mill
30:22 Great Hall
31:33 Watch Tower
31:57 Watch Tower
32:33 Watch Tower
34:04 Watch Tower
36:47 Great Hall
40:20 Orc Burrow
41:46 Watch Tower
42:22 Watch Tower
42:27 Watch Tower
42:49 Watch Tower
43:05 Watch Tower
43:27 Watch Tower
44:42 Barracks
44:52 Barracks
45:09 Watch Tower
45:33 War Mill
45:50 Orc Burrow
46:55 Watch Tower
46:59 Watch Tower
47:04 Watch Tower
47:11 Watch Tower
47:16 Watch Tower
47:33 Stronghold
47:46 Voodoo Lounge
48:14 Watch Tower
48:21 Watch Tower
49:05 Altar of Storms
49:12 Watch Tower
49:30 Watch Tower
50:03 Watch Tower
50:58 Orc Burrow
51:19 Watch Tower
51:25 Watch Tower
51:42 Watch Tower
52:38 Barracks
53:26 Watch Tower
53:31 Watch Tower
53:38 Watch Tower
54:05 Watch Tower
54:15 Watch Tower
54:49 Watch Tower
54:56 Watch Tower
55:05 Watch Tower
55:26 Watch Tower
56:15 Watch Tower
56:28 Orc Burrow
56:30 Orc Burrow
56:51 Watch Tower
56:59 Watch Tower
58:30 Watch Tower
58:34 Watch Tower
58:39 Watch Tower
58:44 Watch Tower
» items
| Potion of Healing | 1 | |
| Potion of Mana | 1 | |
| Scroll of Regeneration | 1 | |
3 total
Panda_Slammed (
green | 56 APM | 3358 actions | 59:36)
7 Blood Mage
3 Flame Strike
3 Siphon Mana
1 Summon Phoenix
» actions
| Assign group hotkey | 9 | |
| Basic commands | 238 | |
| Build / train | 126 | |
| Enter build submenu | 52 | |
| Enter hero's abilities submenu | 7 | |
| Give item / drop item | 1 | |
| Right click | 1686 | |
| Select / deselect | 879 | |
| Select group hotkey | 72 | |
| Use ability | 288 | |
3358 total
» units
| Peasant | 18 | |
| Mortar Team | 16 | |
| Sorceress | 4 | |
38 total
» upgrades
| Masonry | 3 | |
| Magic Sentry | 1 | |
| Lumber Harvesting | 2 | |
| Gunpowder | 2 | |
| Sorceress Training | 2 | |
| Fragmentation Shards | 1 | |
| Flare | 1 | |
| Armor | 1 | |
13 total
» buildings
| Altar of Kings | 1 | |
| Farm | 11 | |
| Lumber Mill | 3 | |
| Scout Tower | 90 | |
| Guard Tower | 38 | |
| Keep | 1 | |
| Castle | 1 | |
| Arcane Sanctum | 1 | |
| Blacksmith | 1 | |
| Workshop | 2 | |
| Cannon Tower | 2 | |
| Arcane Tower | 1 | |
| Town Hall | 2 | |
154 total
» build order
00:07 Altar of Kings
00:11 Farm
00:39 Lumber Mill
00:47 Farm
01:27 Scout Tower
01:28 Scout Tower
01:59 Scout Tower
02:00 Scout Tower
02:01 Guard Tower
02:16 Scout Tower
02:17 Scout Tower
02:27 Guard Tower
02:30 Scout Tower
02:53 Guard Tower
03:05 Guard Tower
03:15 Guard Tower
03:31 Guard Tower
03:32 Scout Tower
03:33 Scout Tower
03:46 Guard Tower
03:47 Scout Tower
03:48 Scout Tower
03:49 Scout Tower
03:50 Scout Tower
03:50 Scout Tower
03:51 Scout Tower
04:10 Guard Tower
04:16 Scout Tower
04:17 Scout Tower
04:19 Scout Tower
04:23 Guard Tower
04:34 Guard Tower
04:40 Lumber Mill
04:45 Guard Tower
05:45 Guard Tower
06:13 Keep
06:36 Guard Tower
06:39 Scout Tower
06:40 Scout Tower
06:48 Scout Tower
06:49 Scout Tower
06:50 Scout Tower
06:51 Scout Tower
07:20 Guard Tower
07:25 Guard Tower
07:29 Farm
07:30 Farm
07:30 Farm
08:18 Guard Tower
08:36 Castle
08:40 Arcane Sanctum
09:01 Guard Tower
09:03 Blacksmith
10:09 Farm
10:10 Farm
10:24 Scout Tower
10:24 Scout Tower
10:25 Scout Tower
10:27 Scout Tower
10:27 Scout Tower
10:28 Scout Tower
10:36 Workshop
10:40 Workshop
10:51 Guard Tower
10:54 Guard Tower
11:04 Scout Tower
11:05 Scout Tower
11:06 Scout Tower
11:06 Scout Tower
11:07 Scout Tower
11:07 Scout Tower
11:08 Guard Tower
11:30 Guard Tower
11:33 Guard Tower
11:44 Guard Tower
12:09 Guard Tower
12:26 Lumber Mill
12:29 Scout Tower
12:29 Scout Tower
12:42 Cannon Tower
12:58 Cannon Tower
13:05 Guard Tower
13:06 Guard Tower
13:51 Guard Tower
14:05 Guard Tower
14:58 Arcane Tower
15:02 Guard Tower
20:09 Town Hall
26:25 Scout Tower
26:25 Scout Tower
26:26 Scout Tower
26:27 Scout Tower
26:28 Scout Tower
26:29 Scout Tower
26:33 Scout Tower
26:34 Scout Tower
26:34 Scout Tower
26:35 Scout Tower
26:38 Scout Tower
26:38 Scout Tower
26:39 Scout Tower
26:40 Scout Tower
27:07 Scout Tower
27:08 Scout Tower
27:09 Scout Tower
27:43 Guard Tower
27:48 Scout Tower
27:49 Scout Tower
27:50 Scout Tower
27:51 Scout Tower
27:52 Scout Tower
29:01 Guard Tower
29:02 Scout Tower
29:04 Scout Tower
29:05 Scout Tower
29:06 Scout Tower
29:08 Guard Tower
29:09 Scout Tower
29:09 Scout Tower
29:11 Scout Tower
29:11 Scout Tower
29:38 Scout Tower
29:39 Scout Tower
29:39 Scout Tower
29:40 Scout Tower
29:41 Scout Tower
29:42 Scout Tower
29:43 Scout Tower
29:47 Guard Tower
30:26 Guard Tower
31:00 Scout Tower
31:00 Scout Tower
31:02 Scout Tower
31:03 Scout Tower
32:04 Scout Tower
32:05 Scout Tower
32:06 Scout Tower
32:49 Guard Tower
32:52 Guard Tower
36:11 Scout Tower
36:12 Scout Tower
36:13 Scout Tower
36:14 Scout Tower
36:34 Guard Tower
38:32 Guard Tower
39:14 Scout Tower
39:15 Scout Tower
39:15 Scout Tower
39:16 Scout Tower
44:15 Town Hall
48:39 Farm
48:40 Farm
48:40 Farm
50:29 Farm
» items
| Healing Salve | 7 | |
| Lesser Clarity Potion | 8 | |
| Scroll of Speed | 1 | |
| Orb of Lightning | 1 | |
| Scroll of Town Portal | 7 | |
24 total
PistophChrstoph (
purple | 47 APM | 2781 actions | 59:36)
7 Blademaster
3 Wind Walk
3 Critical Strike
1 Bladestorm
1 Blood Mage
1 Summon Phoenix
» actions
| Assign group hotkey | 25 | |
| Basic commands | 400 | |
| Build / train | 113 | |
| ESC pressed | 2 | |
| Enter build submenu | 65 | |
| Enter hero's abilities submenu | 8 | |
| Remove unit from queue | 5 | |
| Right click | 1238 | |
| Select / deselect | 508 | |
| Select group hotkey | 178 | |
| Use ability | 239 | |
2781 total
» units
» upgrades
| Spiked Barricades | 3 | |
| Armor | 1 | |
| Liquid Fire | 1 | |
| Ranged Weapons | 3 | |
8 total
» buildings
| Orc Burrow | 9 | |
| Altar of Storms | 1 | |
| War Mill | 2 | |
| Watch Tower | 70 | |
| Voodoo Lounge | 2 | |
| Stronghold | 1 | |
| Fortress | 1 | |
| Beastiary | 2 | |
| Great Hall | 3 | |
91 total
» build order
00:34 Orc Burrow
00:38 Altar of Storms
01:00 War Mill
01:56 Orc Burrow
02:13 Watch Tower
02:21 Watch Tower
03:15 Watch Tower
03:25 Watch Tower
04:12 Voodoo Lounge
04:30 Watch Tower
04:35 Watch Tower
04:55 Watch Tower
05:00 Watch Tower
05:20 Watch Tower
05:24 Watch Tower
05:28 Watch Tower
06:01 Stronghold
06:07 Watch Tower
06:10 Watch Tower
07:17 Watch Tower
07:21 Watch Tower
08:29 Fortress
08:31 Watch Tower
08:55 War Mill
09:10 Watch Tower
09:11 Watch Tower
09:32 Watch Tower
09:33 Watch Tower
09:53 Watch Tower
09:55 Watch Tower
09:56 Watch Tower
09:59 Watch Tower
10:00 Watch Tower
10:02 Watch Tower
10:03 Watch Tower
10:23 Beastiary
11:14 Beastiary
11:21 Watch Tower
11:22 Watch Tower
11:33 Voodoo Lounge
14:04 Orc Burrow
14:08 Watch Tower
14:15 Watch Tower
14:16 Watch Tower
14:17 Watch Tower
14:18 Watch Tower
14:49 Orc Burrow
14:54 Watch Tower
18:21 Watch Tower
18:25 Watch Tower
18:26 Watch Tower
18:28 Watch Tower
18:34 Watch Tower
18:35 Watch Tower
18:38 Watch Tower
18:39 Watch Tower
18:40 Watch Tower
20:46 Watch Tower
21:08 Watch Tower
22:23 Great Hall
24:24 Watch Tower
26:10 Watch Tower
26:11 Watch Tower
26:12 Watch Tower
26:44 Orc Burrow
29:38 Watch Tower
29:39 Watch Tower
29:41 Watch Tower
29:43 Watch Tower
38:05 Orc Burrow
42:25 Great Hall
42:35 Watch Tower
42:42 Watch Tower
42:53 Watch Tower
43:47 Watch Tower
43:48 Watch Tower
43:50 Watch Tower
43:53 Watch Tower
43:54 Watch Tower
43:55 Watch Tower
46:44 Watch Tower
46:45 Watch Tower
46:46 Watch Tower
47:03 Watch Tower
48:15 Great Hall
49:23 Watch Tower
49:24 Watch Tower
49:25 Watch Tower
49:58 Orc Burrow
50:07 Orc Burrow
50:11 Orc Burrow
» items
| Healing Salve | 6 | |
| Lesser Clarity Potion | 9 | |
| Orb of Lightning | 1 | |
| Scroll of Town Portal | 1 | |
17 total
Chat log
(00:36 / Allies) Chopstix: tower around your town hall
(00:46 / Allies) Chopstix: NO BARRACKS
(01:06 / Allies) Chopstix: tower the gold mine
(01:07 / Allies) Chopstix: and here
(02:52 / Allies) Chopstix: attack
(04:09 / Allies) Chopstix: suicided the creeps, bought us time
(04:23 / Allies) Chopstix: build towers there please
(04:39 / Allies) Chopstix: harass with bm
(05:08 / Allies) Chopstix: creep killed him
(05:17 / Allies) Chopstix: that was me watned you to harasss
(05:23 / Allies) Chopstix: my bad
(05:23 / Allies) nemofulcrum: ...
(07:13 / Allies) Chopstix: need that side towered too, they can hit both sides
(09:08 / Allies) Chopstix: south sideis ok
(09:21 / Allies) Chopstix: give the alchemist the ice shard pelase
(09:45 / Allies) Chopstix: wood please
(10:51 / Allies) Chopstix: we need an orc store please
(12:51 / All) K.pLz.Ty(sE): rofless
(14:03 / Allies) Chopstix: store clear
(16:46 / Allies) Chopstix: TOWER NOW
(17:14 / Allies) Chopstix: STOP PEONS ON WOOD
(17:16 / All) Chopstix: BUILD TOWER NOW
(18:23 / Allies) Chopstix: need to res
(18:24 / Allies) Chopstix: please
(18:25 / Allies) Chopstix: send
(19:16 / Allies) nemofulcrum: 75 gold plz
(20:49 / Allies) Chopstix: ill creepit
(21:39 / Allies) Chopstix: need to take out a base
(21:40 / Allies) nemofulcrum: 150 golz now..
(22:04 / Allies) Chopstix: dont defend my base
(22:05 / Allies) Chopstix: go bat thier base
(22:07 / Allies) Chopstix: go bat teal base
(23:47 / Allies) Chopstix: need invis mort ftw
(24:47 / Allies) Chopstix: my base is officially dead
(27:25 / Allies) nemofulcrum: yo can someone give me zome gold?
(27:34 / Allies) nemofulcrum: thx
(28:57 / Allies) Chopstix: TOWER
(28:58 / Allies) Chopstix: LOTS
(29:53 / Allies) Chopstix: usebats for OFFENCE
(29:57 / Allies) Chopstix: take out yellow town hall
(30:40 / Allies) Chopstix: more TOWA
(31:47 / Allies) Chopstix: level 5 now
(31:49 / Allies) Chopstix: more towers at base
(31:51 / Allies) PistophChrstoph: kill peasants
(32:00 / All) K.pLz.Ty(sE): fukin sad game
(33:50 / Allies) Chopstix: almost 6 !!!!
(34:22 / Allies) Chopstix: so close to 6
(35:10 / Allies) Chopstix: these are clear
(35:26 / Allies) nemofulcrum: yeah but 0 monys
(35:31 / Allies) Chopstix: give me 200 gold pls for hero res
(35:33 / Allies) Chopstix: alchemist almost 6
(35:41 / Allies) nemofulcrum: thx
(35:49 / Allies) Chopstix: thx
(35:57 / Allies) Chopstix: i can
(35:59 / Allies) Chopstix: build a mine
(36:01 / Allies) Chopstix: shouldi mine?
(36:04 / Allies) Chopstix: these two?
(36:57 / Allies) Chopstix: need towers now
(37:22 / Allies) Chopstix: wyrms builder now
(38:05 / Allies) Chopstix: expo there
(38:12 / Allies) Chopstix: im so close to 6
(38:18 / Allies) Chopstix: I GOT IT
(38:20 / Allies) Chopstix: LET ME GET IT
(39:00 / Allies) Chopstix: they are coming south
(40:05 / Allies) Chopstix: so close to 6
(40:48 / Allies) Chopstix: BASE NOW
(41:02 / Allies) Chopstix: we win this battle
(41:03 / Allies) Chopstix: we win the game
(41:06 / Allies) Chopstix: TP TO ORANGE
(41:34 / Allies) Chopstix: they have nothing as well
(41:36 / Allies) Chopstix: but we have towers
(41:37 / Allies) Chopstix: we can win
(42:12 / Allies) Chopstix: expo there
(42:39 / Allies) Chopstix: im tmuting stuff
(43:00 / Allies) Chopstix: blademaster hit those wagons
(43:05 / Allies) Chopstix: ill hit the frosties
(43:09 / Allies) PistophChrstoph: k go
(43:55 / Allies) Chopstix: rebuilding
(44:45 / Allies) Chopstix: cancel
(44:50 / Allies) Chopstix: i tol dyou BUILD THERE
(45:01 / Allies) Chopstix: mine this too
(45:04 / Allies) Chopstix: dont give me gold
(46:25 / All) Pro.RoC.NooB.Ft: lol
(46:41 / Allies) Chopstix: more towers
(46:42 / Allies) Chopstix: purple
(46:44 / Allies) Chopstix: tower up purple now
(46:48 / Allies) PistophChrstoph: i need wood
(46:49 / Allies) PistophChrstoph: now
(47:06 / Allies) PistophChrstoph: tower this
(47:20 / Allies) Chopstix: dont lead
(47:23 / Allies) Chopstix: to expansions
(48:09 / Allies) Chopstix: who needs gold
(48:14 / Allies) Chopstix: who is me
(48:27 / Allies) Chopstix: sound is down
(48:31 / Allies) Chopstix: nerdy to have people talk to you
(49:53 / Allies) Chopstix: more?
(50:28 / Allies) Chopstix: MINE THIS
(50:30 / Allies) Chopstix: oh shit
(50:31 / Allies) Chopstix: 6k
(50:32 / Allies) Chopstix: gold
(50:33 / Allies) Chopstix: GIVE ME
(52:27 / Allies) Chopstix: tier 2
(52:28 / Allies) Chopstix: no wood
(53:07 / Allies) Chopstix: need breakers for deathknights
(53:40 / Allies) Chopstix: they are low on wood
(54:34 / All) K.pLz.Ty(sE): this is fukin sad
(54:39 / Allies) Chopstix: buy items
(54:51 / All) Pro.RoC.NooB.Ft: its so boring... cya
(55:24 / Allies) Chopstix: item shop clear
(56:58 / Allies) Chopstix: ORANGE GIVE ME CONTROL
(57:16 / All) K.pLz.Ty(sE): get a life kids
(57:17 / Allies) Chopstix: alright i start killing peons int he way then
(57:17 / All) bboyx: worst teammates ever
(57:24 / All) bboyx: by far
(58:23 / All) Chopstix: OVER
(58:23 / All) Chopstix: LEAVE
(58:27 / All) Panda_Slammed: gg
(58:53 / All) bboyx: lol this is why 4's is a joke
(59:00 / All) Chopstix: yeah people cant beat towers
(59:02 / All) PistophChrstoph: IT IS A GOOD JOKE
(59:06 / All) bboyx: lol
(59:11 / All) bboyx: well my teammates
(59:12 / All) bboyx: had
(59:15 / All) bboyx: 5k told
(59:20 / All) bboyx: gold
(59:22 / All) bboyx: o well
(59:23 / All) bboyx: GG
(59:30 / All) Chopstix: BG
(59:35 / All) bboyx: cunts